 Dungeon Crawl Stone Soup version 0.23.2-11-gf996548 (webtiles) character file.

Game seed: 17703568644575047809

12159 IBeShadow the Arsonist (level 11, -8/95 HPs)
             Began as a Pale Draconian Fire Elementalist on June 3, 2019.
             Was a Priest of Vehumet.
             Mangled by a freezing wraith (13 damage)
             ... in an ice cave on June 4, 2019.
             The game lasted 00:37:36 (14993 turns).

IBeShadow the Arsonist (DrFE)                      Turns: 14993, Time: 00:37:37

Health: -8/95      AC:  9    Str: 13    XL:     11   Next: 58%
Magic:  11/20      EV: 14    Int: 19    God:    Vehumet [***...]
Gold:   426        SH:  0    Dex: 12    Spells: 4/22 levels left

rFire    x . .     SeeInvis .   B - +2 short sword (venom)
rCold    + + .     Gourm    .   (no shield)
rNeg     . . .     Faith    .   (armour unavailable)
rPois    .         Spirit   .   (helmet restricted)
rElec    .         Reflect  .   J - +0 cloak
rCorr    .         Harm     .   R - +0 pair of gloves
MR       .....                  (no boots)
Stlth    +.........             j - amulet of regeneration
HPRegen  0.65/turn              f - ring of ice
MPRegen  0.17/turn              E - ring "Uttuwk" {rC+ Str+3 Stlth-}

@: short of breath, slowed, lightly drained, very slow
A: breathe steam, unfitting armour, cold-blooded, AC +7
a: Breathe Steam, Renounce Religion


You were in an ice cave.
You worshipped Vehumet.
Vehumet was most pleased with you.
You were not hungry.

You visited 2 branches of the dungeon, and saw 12 of its levels.
You also visited: Sewer and Ice Cave.

You collected 566 gold pieces.
You spent 140 gold pieces at shops.

Inventory:

Hand Weapons
 B - a +2 short sword of venom (weapon)
 I - a +4 quarterstaff of chaos
Missiles
 P - 4 throwing nets (quivered)
Armour
 J - a +0 cloak (worn)
 R - a +0 pair of gloves (worn)
Jewellery
 a - an uncursed ring of magical power
 f - a ring of ice (left hand)
 j - an amulet of regeneration (around neck)
 o - an uncursed ring of resist corrosion
 t - an uncursed ring of wizardry
 C - an uncursed ring of magical power
 E - the ring "Uttuwk" (right hand) {rC+ Str+3 Stlth-}
   (You found it on level 6 of the Dungeon)

   [ring of attention]

   It affects your strength (+3).
   It protects you from cold.
   It makes you less stealthy.
 L - a +3 ring of dexterity
 M - an uncursed ring of stealth
 U - an uncursed ring of resist corrosion
Wands
 s - a wand of flame (15)
 w - a wand of iceblast (16)
 y - a wand of clouds (4)
 G - a wand of paralysis (11)
 Q - a wand of acid (11)
 S - a wand of disintegration (7)
Scrolls
 c - 9 scrolls of remove curse
 e - 2 scrolls of identify
 k - 5 scrolls of immolation
 l - a scroll of silence
 n - a scroll of amnesia
 q - 4 scrolls of fear
 u - 2 scrolls of fog
 v - 5 scrolls of magic mapping {unknown}
 x - 2 scrolls of blinking {unknown}
 F - 2 scrolls of enchant armour {unknown}
 H - 2 scrolls of enchant weapon {unknown}
 O - a scroll of summoning
Potions
 d - 3 potions of might
 g - a potion of mutation {unknown}
 h - a potion of heal wounds
 i - 8 potions of curing
 m - 2 potions of agility {unknown}
 p - a potion of lignification {unknown}
 r - a potion of invisibility {unknown}
 z - 3 potions of brilliance {unknown}
 A - a potion of degeneration {unknown}
 D - a potion of haste {unknown}
 K - a potion of cancellation {unknown}
 T - a potion of magic {unknown}
Comestibles
 b - 30 rations


   Skills:
 + Level 8.6 Fighting
 - Level 4.4 Dodging
 - Level 1.7 Stealth
 + Level 6.1 Spellcasting
 + Level 9.9 Conjurations
 + Level 2.1 Hexes
 + Level 11.2(11.1) Fire Magic
 - Level 5.0 Evocations


You had 4 spell levels left.
You knew the following spells:

 Your Spells              Type           Power        Failure   Level  Hunger
a - Flame Tongue          Conj/Fire      #####        1%          1    None
b - Throw Flame           Conj/Fire      #####.       1%          2    None
c - Conjure Flame         Conj/Fire      #####...     1%          3    ##.....
d - Sticky Flame          Conj/Fire      #####...     1%          4    ####...
e - Fireball              Conj/Fire      #####.....   1%          5    #####..
f - Tukima's Dance        Hex            ##......     14%         3    ##.....

Your spell library contained the following spells:

 Spells                   Type           Power        Failure   Level  Hunger
 Iskenderun's Mystic Bla  Conj           #####...     1%          4    ####...
 Dazzling Spray           Conj/Hex       ####..       1%          3    ##.....
 Inner Flame              Hex/Fire       ####....     1%          3    ##.....
 Confusing Touch          Hex            ##....       4%          1    None
 Corona                   Hex            ##.....      4%          1    None
 Ensorcelled Hibernation  Hex/Ice        ##....       11%         2    None
 Confuse                  Hex            ##......     14%         3    ##.....
 Gell's Gravitas          Tloc           #.........   32%         3    ##.....
 Petrify                  Tmut/Erth      #.......     73%         4    ####...
 Yara's Violent Unravell  Hex/Tmut       #.........   43%         5    #####..
 Metabolic Englaciation   Hex/Ice        ##........   89%         5    #####..


Dungeon Overview and Level Annotations

Branches:
Dungeon (11/15)            Temple (1/1) D:7
   Lair: D:8-11         Orc: D:9-12

Altars:
Ashenzari
Cheibriados
Dithmenos
Elyvilon
Fedhas
Gozag
Hepliaklqana
Kikubaaqudgha
Makhleb
Nemelex Xobeh
Okawaru
Qazlal
Ru
Sif Muna
Trog
Uskayaw
Vehumet
Wu Jian
Xom
Yredelemnul
Zin
The Shining One

Shops:
D:8 *   D:10 *

Portals:
Trove: D:10 (give +5 ice dragon scales)

Annotations:
D:9 2 transporters, Prakerore's ghost, novice GnAs; Prince Ribbit


Innate Abilities, Weirdness & Mutations

You can breathe blasts of scalding, opaque steam.
Your pale cyan-grey scales are hard. (AC +7)
You cannot fit into any form of body armour.
You are cold-blooded and may be slowed by cold attacks.


Message History

* * * LOW HITPOINT WARNING * * *
The freezing wraith freezes you. You resist.
* * * LOW HITPOINT WARNING * * *
The freezing wraith hits you but does no damage.
As you read the scroll of fear, it crumbles to dust.
You assume a fearsome visage.
The freezing wraith is unaffected. x2
The freezing wraith closely misses you.
The freezing wraith completely misses you.
The freezing wraith hits you but does no damage.
The freezing wraith closely misses you.
Okay, then.
You feel much better. The freezing wraith hits you!
* * * LOW HITPOINT WARNING * * *
The freezing wraith freezes you. You resist.
* * * LOW HITPOINT WARNING * * *
The freezing wraith hits you.
* * * LOW HITPOINT WARNING * * *
The freezing wraith completely misses you.
The freezing wraith hits you!
You die...

##......### ##..##..
#.........###.......
#..........#.......∩
#.......##....##....
##.....####..#####..
#......# #### ##.
##....## ## ###
#...## ##.## ##@.##
#...## #WW##
#....####.§#
#..#...#...#
#.W##.....##
##.###...##
#..###### ##..# ...#


You could see 2 freezing wraiths.

Vanquished Creatures
  Harold (D:8)
  A two-headed ogre (D:10)
  A deep elf mage (D:9)
  Pikel (D:9)
  A manticore (D:10)
  An ugly thing (D:9)
  2 guardian mummies (D:10)
  A troll (D:10)
  A wolf spider simulacrum (IceCv)
  A hornet (D:11)
  A hippogriff (D:10)
  3 yaks (D:7)
  A hog (D:7)
  A wyvern (D:8)
  A human (D:7)
  Duvessa (D:4)
  4 orc warriors
  8 ice beasts
  2 sky beasts
  A slave (D:9)
  3 necrophages
  2 phantoms
  4 centaurs
  7 ogres
  An eye of draining (D:9)
  A crocodile (D:10)
  7 bullfrogs
  3 big kobolds
  3 gnoll sergeants
  Dowan (D:5)
  5 scorpions
  A swamp dragon simulacrum (IceCv)
  9 wights
  18 killer bees
  4 electric eels
  A howler monkey (D:5)
  2 crimson imps
  A bullfrog zombie (D:7)
  6 hounds
  2 jellies
  7 orc priests
  11 orc wizards
  Crazy Yiuf (D:7)
  A centaur skeleton (D:6)
  Natasha (D:2)
  2 iguanas (D:10)
  8 worker ants
  A polar bear simulacrum (IceCv)
  A wolf simulacrum (IceCv)
  A killer bee zombie (D:10)
  A hound skeleton (D:9)
  2 worker ant zombies (D:8)
  11 adders
  16 gnolls
  3 shadow imps
  5 white imps (IceCv)
  An ooze (D:4)
  2 adder zombies
  5 worms
  3 adder skeletons (D:5)
  7 leopard geckos
  37 orcs
  4 giant cockroaches
  6 goblins
  8 hobgoblins
  13 jackals
  36 kobolds
  2 quokkas
  5 ball pythons
  8 bats
  11 frilled lizards
  A leopard gecko zombie (D:5)
  2 quokka zombies (D:5)
  8 rats
  6 plants (Sewer)
352 creatures vanquished.

Vanquished Creatures (collateral kills)
  An ogre (D:11)
1 creature vanquished.

Vanquished Creatures (others)
  2 slaves (D:9)
  An orc (D:9)
3 creatures vanquished.

Grand Total: 356 creatures vanquished

Notes
Turn   | Place    | Note
-------+----------+-------------------------------------------
     0 | D:1      | IBeShadow the Draconian Fire Elementalist began the quest
                  | for the Orb.
     0 | D:1      | Reached XP level 1. HP: 14/14 MP: 3/3
   260 | D:1      | Reached XP level 2. HP: 10/20 MP: 3/5
  1070 | D:1      | Reached XP level 3. HP: 23/26 MP: 3/6
  1345 | D:2      | HP: 1/26 [worm (11)]
  1819 | D:2      | Reached skill level 4 in Fire Magic
  1922 | D:2      | Reached XP level 4. HP: 25/33 MP: 7/7
  2719 | D:2      | Found a sparkling altar of Nemelex Xobeh.
  2907 | D:3      | Noticed Natasha
  2979 | D:2      | Killed Natasha
  2979 | D:2      | Reached XP level 5. HP: 20/38 MP: 8/8
  3202 | D:3      | Reached skill level 5 in Fire Magic
  3240 | D:3      | Learned a level 2 spell: Throw Flame
  3444 | D:3      | Found a blossoming altar of Fedhas.
  3492 | D:3      | Noticed a fire elemental
  3493 | D:3      | Found a stormy altar of Qazlal.
  3519 | D:3      | Noticed a water elemental
  3531 | D:3      | Noticed an air elemental
  3626 | D:3      | Reached XP level 6. HP: 37/45 MP: 9/9
  3671 | D:3      | Learned a level 3 spell: Conjure Flame
  4225 | D:4      | Reached skill level 5 in Conjurations
  4386 | D:4      | Found a glowing drain.
  4408 | Sewer    | Entered a sewer
  4659 | Sewer    | Reached skill level 6 in Fire Magic
  4889 | Sewer    | Your scales start taking on a pale cyan-grey colour.
  4889 | Sewer    | Reached XP level 7. HP: 50/50 MP: 10/10
  6024 | D:5      | Entered Level 5 of the Dungeon
  6024 | D:5      | Noticed Duvessa
  6024 | D:5      | Noticed Dowan
  6026 | D:5      | Killed Dowan
  6195 | D:4      | Killed Duvessa
  6195 | D:4      | Reached skill level 7 in Fire Magic
  6584 | D:5      | Reached skill level 1 in Fighting
  6584 | D:5      | Reached skill level 1 in Evocations
  6716 | D:5      | Reached XP level 8. HP: 21/61 MP: 11/11
  6907 | D:5      | Found a burning altar of Makhleb.
  6936 | D:5      | Found a white marble altar of Elyvilon.
  7239 | D:6      | Reached skill level 8 in Fire Magic
  8083 | D:6      | Got a pitted copper ring
  8181 | D:6      | Identified the ring "Uttuwk" {rC+ Str+3 Stlth-} (You found
                  | it on level 6 of the Dungeon)
  8187 | D:6      | Learned a level 4 spell: Sticky Flame
  8248 | D:7      | Found a snail-covered altar of Cheibriados.
  8463 | D:7      | Reached XP level 9. HP: 64/71 MP: 13/13
  8590 | D:7      | Found a staircase to the Ecumenical Temple.
  8604 | Temple   | Entered the Ecumenical Temple
  8678 | Temple   | Became a worshipper of Vehumet
  8766 | D:7      | Found a runed translucent door.
  8767 | D:7      | Noticed Crazy Yiuf
  8993 | D:7      | Reached skill level 5 in Fighting
  8995 | D:7      | Reached skill level 9 in Fire Magic
  9291 | D:7      | Killed Crazy Yiuf
  9367 | D:8      | Found Hysmikunaf's General Store.
  9913 | D:8      | Reached * piety under Vehumet
  9913 | D:8      | Offered knowledge of Shock by Vehumet.
 10245 | D:8      | Found a hide-covered altar of Uskayaw.
 10280 | D:8      | Reached skill level 5 in Spellcasting
 10280 | D:8      | Reached XP level 10. HP: 68/82 MP: 17/17
 10328 | D:8      | Learned a level 5 spell: Fireball
 10373 | D:8      | Noticed Harold
 10381 | D:8      | Killed Harold
 10589 | D:8      | Reached skill level 10 in Fire Magic
 10695 | D:8      | Found an ancient bone altar of Kikubaaqudgha.
 10885 | D:9      | Noticed a cyclops
 10886 | D:9      | Noticed a moth of wrath
 10887 | D:9      | Noticed a two-headed ogre
 10887 | D:9      | Noticed a two-headed ogre
 10887 | D:9      | Noticed a deep troll
 10887 | D:9      | Noticed Prakerore's ghost (novice GnAs)
 10888 | D:9      | Noticed a two-headed ogre
 10897 | D:9      | Found a bloodstained altar of Trog.
 10914 | D:9      | Found a transporter.
 10917 | D:9      | Noticed a two-headed ogre
 11011 | D:9      | Found a transporter.
 11030 | D:9      | Noticed a brown ugly thing
 11039 | D:9      | Killed a brown ugly thing
 11219 | D:9      | Offered knowledge of Searing Ray by Vehumet.
 11259 | D:9      | Noticed Prince Ribbit
 11309 | D:9      | Found an iron altar of Okawaru.
 11420 | D:9      | Reached ** piety under Vehumet
 11443 | D:9      | Noticed Pikel
 11453 | D:9      | Killed Pikel
 11462 | D:9      | Reached skill level 5 in Evocations
 11539 | D:9      | Noticed a deep elf mage
 11572 | D:9      | Found a hazy altar of Hepliaklqana.
 11572 | D:9      | Found a sacrificial altar of Ru.
 11572 | D:9      | Found a stormy altar of Qazlal.
 11572 | D:9      | Found a hide-covered altar of Uskayaw.
 11572 | D:9      | Found a shattered altar of Ashenzari.
 11572 | D:9      | Found a shimmering altar of Xom.
 12064 | D:9      | Killed a deep elf mage
 12239 | D:10     | Entered Level 10 of the Dungeon
 12405 | D:10     | Noticed a two-headed ogre
 12414 | D:10     | Killed a two-headed ogre
 12414 | D:10     | Reached XP level 11. HP: 85/93 MP: 15/19
 12988 | D:10     | Learned a level 3 spell: Tukima's Dance
 13324 | D:10     | Found Finautt's Assorted Antiques.
 13371 | D:10     | Bought a potion of heal wounds for 140 gold pieces
 13417 | D:10     | Offered knowledge of Ignite Poison by Vehumet.
 13774 | D:10     | Reached skill level 1 in Hexes
 14254 | D:10     | Found a portal to a secret trove of treasure.
 14269 | D:10     | Reached skill level 11 in Fire Magic
 14279 | D:10     | Noticed a reaper
 14664 | D:11     | Reached *** piety under Vehumet
 14759 | D:11     | Found a frozen archway.
 14797 | IceCv    | Entered an ice cave
 14802 | IceCv    | Offered knowledge of Iskenderun's Mystic Blast by Vehumet.
 14991 | IceCv    | HP: 1/95 [freezing wraith (6)]
 14993 | IceCv    | Mangled by a freezing wraith

Skill      XL: |  1  2  3  4  5  6  7  8  9 10 11 |
---------------+----------------------------------+-----
Conjurations   | 2 3 4 5 6 7 8 9 |  9.9
Fire Magic     | 4 5 6 7 8 9 10 11 | 11.2
Fighting       | 1 4 6 7 8 |  8.6
Evocations     | 1 3 5 |  5.0
Spellcasting   | 3 5 6 |  6.1
Dodging        | 4 |  4.4
Hexes          | 2 |  2.1
Stealth        | |  1.7

Action                   |  1- 3 |  4- 6 |  7- 9 | 10-12 || total
-------------------------+-------+-------+-------+-------++-------
Melee: Dagger            |    55 |       |       |       ||    55
       Tailslap          |    11 |    17 |    82 |    38 ||   148
       Short sword       |    95 |   189 |   673 |   236 ||  1193
Throw: Throwing net      |       |       |       |     1 ||     1
 Cast: Flame Tongue      |    19 |    69 |    35 |    94 ||   217
       Throw Flame       |       |    16 |    13 |    29 ||    58
       Conjure Flame     |       |     1 |    15 |    39 ||    55
       Sticky Flame      |       |       |     5 |    16 ||    21
       Fireball          |       |       |       |     2 ||     2
       Tukima's Dance    |       |       |       |     1 ||     1
 Abil: Breathe Steam     |       |       |    20 |    24 ||    44
Evoke: Wand              |       |       |       |     3 ||     3
  Use: Potion            |       |     2 |     2 |     2 ||     6
       Scroll            |       |     4 |     2 |     8 ||    14
 Stab: Sleeping          |     1 |       |     1 |       ||     2
  Eat: Chunk             |     4 |    12 |    19 |    20 ||    55
       Ration            |       |       |     1 |     1 ||     2
Armor: Skin              |    71 |   108 |   136 |    98 ||   413
Dodge: Dodged            |   140 |   166 |   259 |   223 ||   788
